 Dungeon Crawl Stone Soup version 0.27-a0-412-g8dd771eca2 (console) character file.

Game seed: 2713069415063308272

2 Garrluk the Grasshopper (level 1, -1/16 HPs)
             Began as a Human Warper on Feb 24, 2021.
             Slain by a hobgoblin (3 damage)
             ... on level 1 of the Dungeon.
             The game lasted 00:01:02 (95 turns).

Garrluk the Grasshopper (Human Warper)                Turns: 95, Time: 00:01:02

Health: -1/16      AC:  3    Str: 11    XL:     1   Next: 44%
Magic:  3/3        EV: 12    Int: 13    God:
Gold:   11         SH:  0    Dex: 12    Spells: 4/4 levels left

rFire    . . .     SeeInvis .   a - +0 mace
rCold    . . .     Faith    .   (no shield)
rNeg     . . .     Spirit   .   b - +0 leather armour
rPois    .         Reflect  .   (no helmet)
rElec    .         Harm     .   (no cloak)
rCorr    .         Rampage  .   (no gloves)
Will     .....                  (no boots)
Stlth    +.........             (no amulet)
HPRegen  0.05/turn              (no ring)
MPRegen  0.08/turn              (no ring)

@: no status effects
A: no striking features
a: no special abilities


You were on level 1 of the Dungeon.
You visited 1 branch of the dungeon, and saw 1 of its levels.

You collected 11 gold pieces.

Notes
Turn   | Place    | Note
-------+----------+-------------------------------------------
     0 | D:1      | Garrluk the Human Warper began the quest for the Orb.
     0 | D:1      | Reached XP level 1. HP: 16/16 MP: 3/3
    95 | D:1      | Slain by a hobgoblin

Inventory:

Hand Weapons
 a - a +0 mace (weapon)
Missiles
 e - 4 boomerangs of dispersal (quivered)
Armour
 b - a +0 leather armour (worn)
Scrolls
 c - a scroll of identify {unknown}
 d - a scroll of blinking
 f - a scroll of immolation {unknown}

Table legend: (Time is in decaauts)
 A = Elapsed time spent in this place.
 B = Non-inter-level travel time spent in this place.
 C = Inter-level travel time spent in this place.
 D = Time resting spent in this place.
 E = Time spent auto-exploring this place.
 F = Levels seen in this place.
 G = Mean time per level.
                   A        B        C        D        E       F      G
               +--------+--------+--------+--------+--------+-----+--------+
         Total |    103 |    103 |      0 |      0 |      0 |   1 |  103.0 |
       Dungeon |    103 |    103 |      0 |      0 |      0 |   1 |  103.0 |
               +--------+--------+--------+--------+--------+-----+--------+

Top non-repeatable levels by time:
     D:1: 103 daAuts


   Skills:
 * Level 2.1 Fighting
 - Level 2.0 Maces & Flails
 - Level 1.0 Throwing
 * Level 1.1 Armour
 - Level 2.0 Dodging
 + Level 2.0 Spellcasting
 + Level 3.0 Translocations


You had 4 spell levels left.
You didn't know any spells.
Your spell library contained the following spells:

 Spells                   Type           Power        Failure   Level
 Blink                    Tloc           N/A          14%         2
 Gell's Gravitas          Tloc           4%           28%         3
 Lesser Beckoning         Tloc           4%           28%         3
 Teleport Other           Tloc           9%           28%         3
 Manifold Assault         Tloc           9%           67%         4


Dungeon Overview and Level Annotations

Branches:
Dungeon (1/15)

Altars:


Message History

You kill the rat!
f - a scroll labelled OWENYFR NYPN
Found a stone staircase leading down.
You see here a dagger.
A hobgoblin comes into view.
The hobgoblin shouts!
You hear a shout!
You see here 11 gold pieces.
You now have 11 gold pieces.
A rat comes into view.
You hit the hobgoblin.
The hobgoblin is severely wounded.
The hobgoblin closely misses you. The hobgoblin hits you.
You closely miss the hobgoblin.
The hobgoblin is severely wounded.
The hobgoblin hits you.
You completely miss the hobgoblin.
The hobgoblin is severely wounded.
The hobgoblin closely misses you.
You barely miss the hobgoblin.
The hobgoblin is severely wounded.
The hobgoblin hits you. x2
* * * LOW HITPOINT WARNING * * *
You hit the hobgoblin but do no damage.
The hobgoblin is severely wounded.
The rat closely misses you.
The hobgoblin hits you but does no damage.
You hit the hobgoblin but do no damage.
The hobgoblin is severely wounded.
The rat misses you.
The hobgoblin hits you but does no damage.
The rat closely misses you.
You barely miss the hobgoblin.
The hobgoblin is severely wounded.
The hobgoblin hits you.
* * * LOW HITPOINT WARNING * * *
The rat barely misses you.
You closely miss the hobgoblin.
The hobgoblin is severely wounded.
The hobgoblin hits you.
You die...

...... ## ...... #..
...... #.# ......##.##
.# .......... >#
.........#######.#
#..rg.........#
#...@.........###
#......)........# #
...................#≈##
##+#####............≈.#
#............≈..
#............≈..
#.†.........#≈#.
###'###.......#
#≈≈≈≈≈#.......# ..
#≈≈≈≈≈#.......###..
#≈≈≈≈≈#............


You could see a hobgoblin and a rat.

Table legend:
 A = Kills in this place as a percentage of kills in entire the game.
 B = Kills by you in this place as a percentage of kills by you in the entire game.
 C = Kills by friends in this place as a percentage of kills by friends in the entire game.
 D = Other kills in this place as a percentage of other kills in the entire game.
 E = Experience gained in this place as a percentage of experience gained in the entire game.
 F = Experience gained in this place divided by the number of levels of this place that you have seen.
                   A       B       C       D       E      F
               +-------+-------+-------+-------+-------+----------------------
         Total | 100.0 | 100.0 |   N/A |   N/A | 100.0 |   4.0
       Dungeon | 100.0 | 100.0 |   N/A |   N/A | 100.0 |   4.0
               +-------+-------+-------+-------+-------+----------------------

Vanquished Creatures
  Monster Symbol All 'K'
  A kobold (D:1)
1 creature vanquished. All 'r' 2 rats (D:1)
2 creatures vanquished.
3 creatures vanquished. Monster Nature Natural Monsters A kobold (D:1) 2 rats (D:1)
3 creatures vanquished.
3 creatures vanquished. Ascending Order A kobold (D:1) 2 rats (D:1)
3 creatures vanquished.

Action                   || total
-------------------------++-------
Melee: Mace              ||    19
Throw: Boomerang         ||     1
Armor: Leather armour    ||     6
Dodge: Dodged            ||    10
